 Dungeon Crawl Stone Soup version 0.26-a0-958-gf3041fb45f (webtiles) character file.

Game seed: 9979176128365673842

259686 miscthings the Thaumaturge (level 19, -2/146 HPs)
             Began as a Mummy Ice Elementalist on Dec 2, 2020.
             Was an Initiate of Gozag.
             Slain by a deep elf death mage
             ... wielding a +0 spear of freezing
              (14 damage)
             ... on level 3 of the Elven Halls.
             The game lasted 01:57:46 (39153 turns).

miscthings the Thaumaturge (MuIE)                  Turns: 39153, Time: 01:57:47

Health: -2/146     AC: 18    Str: 16    XL:     19   Next: 15%
Magic:  15/46      EV: 20    Int: 24    God:    Gozag
Gold:   652        SH:  8    Dex: 16    Spells: 5/46 levels left

rFire    + . .     SeeInvis .   q - staff of cold
rCold    + + .     Faith    .   x - +3 buckler {AC+3}
rNeg     + + +     Spirit   .   K - +1 robe of the Immovable Xalams {rElec MR+ Str+4}
rPois    ∞         Reflect  .   n - +2 helmet of the Manifold Nights {rF+ rCorr}
rElec    +         Harm     .   l - +2 cloak {MR+}
rCorr    +         Rampage  .   b - +2 pair of gloves {Dex+3}
MR       +++++                  L - +0 pair of boots of Limitation {*Corrode rN+ MR++ Int+3}
Stlth    ++........             M - amulet of magic regeneration
HPRegen  0.34/turn              J - ring of Zulle {rPois rN+ MP+9 Slay+2}
MPRegen  0.55/turn              g - ring of protection from fire

@: no potions, gold aura, very slightly contaminated
A: no potions, fire vulnerability, cold resistance 1, negative energy resistance
3, torment resistance, unbreathing, in touch with death 1
}: 2/15 runes: decaying, gossamer
a: Potion Petition, Call Merchant, Bribe Branch, Renounce Religion


You were on level 3 of the Elven Halls.
You worshipped Gozag.
Gozag was pleased with you.
You visited 7 branches of the dungeon, and saw 35 of its levels.
You also visited: Ice Cave.

You collected 14916 gold pieces.
You spent 3998 gold pieces at shops.
You paid 10266 gold pieces to Gozag.

Inventory:

Hand Weapons
 R - the +9 rapier of Deritaj {vorpal, +Fly rElec rC+}
   (You found it on level 3 of the Elven Halls)

   It inflicts extra damage upon your enemies.
   It protects you from cold.
   It insulates you from electricity.
   It lets you fly.
Missiles
 B - 3 throwing nets
Armour
 b - a +2 pair of gloves of dexterity (worn)
 l - a +2 cloak of magic resistance (worn)
 n - the +2 helmet of the Manifold Nights (worn) {rF+ rCorr}
   (You bought it in a shop on level 11 of the Dungeon)

   It protects you from fire.
   It provides partial protection from all sources of acid and corrosion.
 u - a +2 pair of boots of flying
 x - a +3 buckler of protection (worn)
 K - the +1 robe of the Immovable Xalams (worn) {rElec MR+ Str+4}
   (You found it on level 2 of the Swamp)

   It affects your strength (+4).
   It insulates you from electricity.
   It affects your resistance to hostile enchantments.
 L - the +0 pair of boots of Limitation (worn) {*Corrode rN+ MR++ Int+3}
   (You bought it in a shop on level 2 of the Orcish Mines)

   It affects your intelligence (+3).
   It protects you from negative energy.
   It affects your resistance to hostile enchantments.
   It may corrode you when you take damage.
 P - a +0 robe of resistance
Magical Staves
 q - an uncursed staff of cold (weapon)
Jewellery
 g - a ring of protection from fire (right hand)
 i - an uncursed ring of ice
 m - an uncursed amulet of reflection
 y - an uncursed ring of fire
 D - an uncursed amulet of regeneration
 F - the ring "Wangied" {rPois rN+ Dex-3 Slay+3 SInv}
   (You found it on level 6 of the Lair of Beasts)

   [ring of positive energy]

   It affects your dexterity (-3).
   It affects your accuracy and damage with ranged weapons and melee attacks
   (+3).
   It protects you from poison.
   It protects you from negative energy.
   It lets you see invisible.
 J - the ring of Zulle (left hand) {rPois rN+ MP+9 Slay+2}
   (You found it on level 3 of the Elven Halls)

   [ring of positive energy]

   It affects your accuracy and damage with ranged weapons and melee attacks
   (+2).
   It protects you from poison.
   It protects you from negative energy.
   It affects your magic capacity (+9).
 M - an amulet of magic regeneration (around neck)
Wands
 f - a wand of flame (45)
 j - a wand of polymorph (24)
 r - a wand of iceblast (37)
 v - a wand of acid (5)
 w - a wand of paralysis (4)
 z - a wand of disintegration (13)
 A - a wand of digging (2)
 C - a wand of enslavement (5)
Scrolls
 a - 10 scrolls of enchant armour
 c - 8 scrolls of magic mapping
 d - 9 scrolls of fog
 e - 5 scrolls of amnesia
 k - 13 scrolls of teleportation
 o - 11 scrolls of remove curse
 p - 4 scrolls of immolation
 t - a scroll of blinking
 H - 3 scrolls of fear
 N - 2 scrolls of silence
 O - a scroll of torment
Miscellaneous
 s - a phial of floods
 E - a condenser vane
 G - a lightning rod (4/4)
 I - a phantom mirror


   Skills:
 + Level 11.9 Fighting
 + Level 6.5 Staves
 + Level 10.1 Armour
 + Level 10.3 Dodging
 - Level 1.5 Stealth
 - Level 4.0 Shields
 + Level 14.4 Spellcasting
 - Level 5.0 Conjurations
 - Level 6.0 Summonings
 * Level 7.1 Necromancy
 * Level 7.9 Fire Magic
 - Level 12.3 Ice Magic
 - Level 5.0 Earth Magic
 - Level 12.0 Evocations


You had 5 spell levels left.
You knew the following spells:

 Your Spells              Type           Power        Failure   Level
a - Frozen Ramparts       Ice            ######       1%          3
b - Freeze                Ice            ####         1%          1
c - Hailstorm             Conj/Ice       ######..     1%          4
d - Summon Ice Beast      Ice/Summ       #######.     1%          4
e - Ozocubu's Armour      Ice            #######.     1%          3
f - Borgnjor's Vile Clut  Necr/Erth      ######....   8%          5
g - Ignition              Fire           ######....   100%        8
h - Slow                  Hex            ###.....     4%          2
r - Bolt of Magma         Conj/Fire/Erth #####.....   8%          5
z - Ozocubu's Refrigerat  Ice            #######...   3%          6

Your spell library contained the following spells:

 Spells                   Type           Power        Failure   Level
 Animate Skeleton         Necr           ######       1%          1
 Magic Dart               Conj           ####         1%          1
 Summon Small Mammal      Summ           ####         1%          1
 Call Imp                 Summ           #####...     1%          2
 Ensorcelled Hibernation  Hex/Ice        ######       1%          2
 Conjure Flame            Conj/Fire      #####...     1%          3
 Animate Dead             Necr           ######....   1%          4
 Apportation              Tloc           ###...       3%          1
 Corona                   Hex            ###....      3%          1
 Dazzling Flash           Conj/Hex       ####..       3%          3
 Static Discharge         Conj/Air       ####....     3%          3
 Blink                    Tloc           N/A          4%          2
 Poisonous Vapours        Pois/Air       ###...       4%          2
 Mephitic Cloud           Conj/Pois/Air  ####....     4%          3
 Metabolic Englaciation   Hex/Ice        ######....   8%          5
 Confusing Touch          Hex            ###.....     10%         3
 Lesser Beckoning         Tloc           ###.......   10%         3
 Tukima's Dance           Hex            ###.....     10%         3
 Leda's Liquefaction      Hex/Erth       ####......   12%         4
 Iskenderun's Battlesphe  Conj           #####...     12%         5
 Cause Fear               Hex            ###.......   32%         4
 Lightning Bolt           Conj/Air       ####......   32%         5
 Alistair's Intoxication  Tmut/Pois      ###......    67%         5
 Silence                  Hex/Air        ###.......   67%         5
 Yara's Violent Unravell  Hex/Tmut       ###.......   67%         5
 Simulacrum               Ice/Necr       #######...   10%         6
 Death Channel            Necr           ######....   28%         6
 Freezing Cloud           Conj/Ice/Air   ######....   43%         6
 Iron Shot                Conj/Erth      #####.....   54%         6
 Spellforged Servitor     Conj/Summ      #####.....   96%         7
 Orb of Destruction       Conj           #####.....   98%         7
 Invisibility             Hex            ###.....     99%         6
 Discord                  Hex            ###.......   100%        8
 Shatter                  Erth           #####.....   100%        9
 Tornado                  Air            ###.......   100%        9
 Ice Form                 Ice/Tmut       Unusable     N/A         4
 Beastly Appendage        Tmut           Unusable     N/A         1
 Wereblood                Tmut           Unusable     N/A         2
 Spider Form              Tmut/Pois      Unusable     N/A         3
 Blade Hands              Tmut           Unusable     N/A         5

Dungeon Overview and Level Annotations

Branches:
Dungeon (15/15)            Temple (1/1) D:4            Lair (6/6) D:10
  Swamp (4/4) Lair:4       Spider (4/4) Lair:2        Slime (0/5) Lair:5
    Orc (2/2) D:11            Elf (3/3) Orc:2        Vaults (0/5) D:13
 Depths (0/5) D:15          IceCv (visited)

Altars:
Ashenzari
Dithmenos
Elyvilon
Fedhas
Gozag
Kikubaaqudgha
Makhleb
Nemelex Xobeh
Okawaru
Qazlal
Ru
Sif Muna
Trog
Uskayaw
Vehumet
Wu Jian
Yredelemnul
Zin
The Shining One
Beogh

Shops:
D:8 (   D:11 [   D:12 *   D:14 [   D:15 =[   Orc:1 (   Orc:2 }*![[   Elf:2 [
Lair:4 [   Lair:6 [=(

Portals:
Trove: Elf:1 (give 7 scrolls of fear)

Annotations:
D:12 2 transporters, Zekkers's ghost, journeyman SpVM
Swamp:3 1 runed translucent door, Ystrie Nocov's ghost, journeyman DEIE
Elf:2 5 runed translucent doors, exclusion: door
Elf:3 1 exclusion


Innate Abilities, Weirdness & Mutations

You do not drink.
Your flesh is vulnerable to fire.
You are immune to poison.
Your flesh is cold resistant. (rC+)
You are immune to negative energy. (rN+++)
You are immune to unholy pain and torment.
You can survive without breathing.
You are in touch with the powers of death.


Message History

The arrow barely misses you.
The deep elf master archer shoots an arrow.
The arrow hits you!
* * * LOW HITPOINT WARNING * * *
Casting: Ozocubu's Refrigeration (dangerous; 3% risk of failure)
Confirm with . or Enter, or press ? or * to list all spells.
You feel a surge of power!
The heat is drained from your surroundings.
You resist.
You feel very cold. The monsters around you are frozen!
The deep elf death mage is severely wounded.
You kill the deep elf master archer!
The deep elf mage is severely wounded.
Casting: Ozocubu's Refrigeration (dangerous; 3% risk of failure)
Confirm with . or Enter, or press ? or * to list all spells.
You feel a surge of power!
You miscast Ozocubu's Refrigeration.
You are very lightly contaminated with residual magic.
Nothing appears to happen.
The deep elf death mage hits you from afar with a +0 spear of freezing!
You die...
Your body crumbles into a pile of gold.

#.................#
##.......).......##
##....#....)...##
##..###......##
#'####).))...## #e#
#.).=.)...# ##e# #.....=...#
############
#.$###........##
#..........###..@.+.......##
#......).)".'...###......##
#...........##.## ##....##
#......)....##.# ######
#...........##.##
'...........+...#
#...........##..#
#...........##.##
#...........##.#


You could see a deep elf death mage and a deep elf mage.

Vanquished Creatures
  A deep elf master archer (Elf:3)
  2 deep elf blademasters (Elf:3)
  Agnes (Spider:3)
  The ghost of Honosyedgha the Warrior, an adept GrBe of Trog (Spider:4)
  4 ghost moths (Spider:4)
  A fire giant (D:14)
  Aizul (Spider:2)
  2 orc warlords
  A deep elf sorcerer (Elf:3)
  7 emperor scorpions
  A deep elf elementalist (Elf:3)
  6 entropy weavers
  A stone giant (Orc:2)
  6 deep elf demonologists
  2 deep elf annihilators (Elf:3)
  A dire elephant (D:15)
  5 bunyips
  3 deep elf death magi (Elf:3)
  Josephine (Lair:5)
  7 eleionomae
  2 blizzard demons (IceCv)
  2 deep elf high priests (Elf:3)
  2 shambling mangroves
  26 hydras
  5 boulder beetles
  2 catoblepae
  5 centaur warriors
  A vault guard (D:13)
  5 two-headed ogres
  10 alligators
  A merfolk avatar (Lair:6)
  4 death yaks (Lair:3)
  A tengu warrior (D:14)
  4 orc high priests (Orc:2)
  16 deep elf knights
  2 goliath frogs
  4 spriggan druids
  13 swamp dragons
  9 deep elf archers
  A bog body (Swamp:2)
  A harpy (Lair:6)
  3 orc knights (Orc:2)
  An oklob plant (Lair:1)
  A lindwurm (Lair:5)
  13 orb spiders
  8 orc sorcerers
  36 deep elf magi
  Pikel (D:5)
  2 manticores
  2 ugly things (D:11)
  22 wolf spiders
  A will-o-the-wisp (Swamp:3)
  A slime creature (D:15)
  3 elephants (Lair:6)
  6 moths of wrath
  A salamander (D:15)
  A black mamba (Lair:6)
  2 centaur skeletons (D:11)
  A gargoyle (D:14)
  5 ice statues
  11 cane toads
  3 torpor snails
  A rime drake (Lair:6)
  4 komodo dragons
  2 anaconda simulacra (IceCv)
  11 demonic crawlers
  10 ice devils (IceCv)
  A tengu conjurer (D:14)
  A yaktaur (shapeshifter) (D:13)
  3 golden dragon simulacra (IceCv)
  6 meliai
  29 jumping spiders
  A queen bee (Spider:4)
  14 trolls
  A bloated husk (Swamp:3)
  A merfolk (D:12)
  3 polar bears
  10 tyrant leeches
  15 hornets
  2 dream sheep (Lair:4)
  3 blink frogs (Lair:5)
  A meliai zombie (D:15)
  36 tarantellas
  109 redbacks
  2 air elementals
  14 spriggans
  2 vampires
  6 wyverns
  3 shadows
  A fire bat (shapeshifter) (D:11)
  3 wraiths
  A basilisk (Lair:2)
  36 yaks
  2 fire elementals
  3 water elementals (Elf:1)
  16 vampire mosquitoes
  3 wargs
  A soldier ant (D:13)
  13 swamp worms
  An acid dragon (D:11)
  A hydra simulacrum (IceCv)
  13 water moccasins
  2 iron troll simulacra (IceCv)
  8 swamp drakes
  38 orc warriors
  An ice beast (D:15)
  5 black bears
  2 sky beasts
  2 ettin simulacra (IceCv)
  2 phantoms
  A necrophage (D:14)
  5 ogres
  14 centaurs
  4 big kobolds
  3 lemures (D:5)
  A nameless horror (D:9)
  An earth elemental (Elf:3)
  19 bullfrogs
  A gnoll sergeant (D:8)
  31 killer bees
  4 scorpions
  7 howler monkeys
  12 wights
  An electric eel (Lair:5)
  2 centaur zombies
  5 hounds
  19 orc wizards
  23 orc priests
  Crazy Yiuf (D:6)
  4 jellies
  A bullfrog skeleton (D:6)
  7 iguanas
  Natasha (thrice) (D:2)
  4 hell rats (Lair:6)
  9 worker ants
  A hound zombie (D:9)
  A worker ant zombie (D:9)
  9 gnolls
  12 adders
  3 shadow imps
  3 ufetubi
  5 oozes (Lair:5)
  An adder skeleton (D:4)
  2 worms
  2 dart slugs (D:3)
  8 leopard geckos
  100 orcs
  2 ball pythons
  10 bats
  7 giant cockroaches
  10 goblins
  6 hobgoblins
  11 jackals
  21 kobolds
  2 quokkas
  7 frilled lizards
  7 rats
  3 butterflies (Lair:5)
1154 creatures vanquished.

Vanquished Creatures (collateral kills)
  the Lernaean hydra (Swamp:4)
  An emperor scorpion (Spider:4)
  2 eleionomae (Swamp:3)
  11 hydras
  2 alligators (Swamp:3)
  4 dancing weapons
  2 death yaks (Lair:3)
  A swamp dragon (Swamp:4)
  A harpy (Lair:6)
  A deep elf mage (Elf:1)
  An orc knight (Orc:2)
  A wolf spider (Spider:4)
  4 elephants (Lair:6)
  A gargoyle (D:12)
  2 centaur skeletons (D:13)
  Maggie (D:6)
  11 cane toads
  2 rime drakes (Lair:6)
  4 komodo dragons
  A jumping spider (Spider:2)
  3 trolls
  A hornet (Lair:5)
  A polar bear (Lair:6)
  2 blink frogs (Lair:5)
  A slime creature (D:13)
  2 tyrant leeches
  2 dream sheep (Lair:4)
  3 redbacks
  4 wraiths
  4 spriggans (Lair:4)
  2 wyverns (Lair:6)
  10 yaks
  3 basilisks
  4 water moccasins
  2 wargs
  2 black bears
  2 orc warriors (Orc:2)
  2 ice beasts
  A swamp drake (Swamp:4)
  4 ogres (Orc:2)
  3 wolves (Lair:1)
  5 bullfrogs
  A wyvern zombie (D:13)
  12 wights
  A nameless horror (Lair:6)
  4 centaur zombies
  A hound (D:6)
  A bullfrog zombie (D:12)
  A jelly (Lair:5)
  An orc wizard (D:10)
  3 bullfrog skeletons
  An iguana (Lair:4)
  A hound zombie (D:5)
  A howler monkey skeleton (D:6)
  2 white imps
  An ooze (Lair:5)
  An adder skeleton (D:9)
  An orc (Orc:1)
  A giant cockroach zombie (D:6)
151 creatures vanquished.

Vanquished Creatures (others)
  4 dancing weapons
  A swamp dragon (Swamp:3)
  A deep elf mage (Elf:1)
  A centaur skeleton (D:13)
  A torpor snail (Spider:4)
  A demonic crawler (Spider:4)
  A jumping spider (Spider:4)
  2 tarantellas (Spider:4)
  2 redbacks (Spider:4)
  6 foxfires (Swamp:3)
  31 fungi
  123 plants
174 creatures vanquished.

Grand Total: 1479 creatures vanquished

Notes
Turn   | Place    | Note
-------+----------+-------------------------------------------
     0 | D:1      | miscthings the Mummy Ice Elementalist began the quest for
                  | the Orb.
     0 | D:1      | Reached XP level 1. HP: 13/13 MP: 4/4
   271 | D:1      | Reached skill level 3 in Spellcasting
   275 | D:1      | Reached XP level 2. HP: 14/19 MP: 1/6
   939 | D:2      | Found an iron altar of Okawaru.
   955 | D:2      | Reached XP level 3. HP: 23/24 MP: 4/7
   959 | D:2      | Learned a level 3 spell: Frozen Ramparts
   985 | D:2      | Noticed Natasha
   994 | D:2      | Killed Natasha
  1026 | D:2      | Noticed Natasha
  1357 | D:2      | Reached XP level 4. HP: 29/30 MP: 0/9
  1460 | D:2      | Killed Natasha
  1461 | D:2      | Reached skill level 4 in Spellcasting
  1561 | D:2      | Noticed a centaur
  1571 | D:2      | Killed a centaur
  1572 | D:2      | Reached skill level 5 in Ice Magic
  1572 | D:2      | Reached XP level 5. HP: 5/35 MP: 0/11
  1858 | D:2      | Noticed Natasha
  1863 | D:2      | Killed Natasha
  2045 | D:3      | Learned a level 4 spell: Summon Ice Beast
  2112 | D:3      | Found a white marble altar of Elyvilon.
  2320 | D:3      | Reached XP level 6. HP: 40/41 MP: 4/13
  2666 | D:4      | Reached skill level 1 in Summonings
  2712 | D:4      | Reached skill level 5 in Spellcasting
  3111 | D:4      | Found a sparkling altar of Nemelex Xobeh.
  3225 | D:4      | Found a staircase to the Ecumenical Temple.
  3241 | Temple   | Entered the Ecumenical Temple
  3266 | Temple   | Became a worshipper of Gozag Ym Sagoz the Greedy
  3334 | D:4      | Reached XP level 7. HP: 46/46 MP: 14/14
  3528 | D:5      | Entered Level 5 of the Dungeon
  3618 | D:5      | Learned a level 3 spell: Ozocubu's Armour
  4152 | D:5      | Noticed Pikel
  4184 | D:5      | Killed Pikel
  4185 | D:5      | Reached XP level 8. HP: 52/52 MP: 15/15
  4587 | D:6      | Learned a level 4 spell: Hailstorm
  4823 | D:6      | Reached skill level 5 in Summonings
  5105 | D:6      | Noticed Maggie
  5115 | D:6      | Killed Maggie
  5116 | D:6      | Reached skill level 1 in Evocations
  5491 | D:6      | Found a runed translucent door.
  5492 | D:6      | Noticed Crazy Yiuf
  5499 | D:6      | Killed Crazy Yiuf
  5500 | D:6      | Reached XP level 9. HP: 58/58 MP: 16/16
  5585 | D:7      | Reached skill level 1 in Fighting
  5589 | D:7      | Identified a scroll of acquirement
  5590 | D:7      | Acquired a book of Ice
  5671 | D:7      | Found a bloodstained altar of Trog.
  5695 | D:7      | You fall into a shaft and drop 1 floor!
  5702 | D:8      | Reached skill level 1 in Armour
  5720 | D:8      | Found a radiant altar of Vehumet.
  5730 | D:8      | Reached skill level 1 in Conjurations
  5905 | D:8      | Found a broken altar of Ashenzari.
  6234 | D:8      | Found Hokiro's Antique Weapon Shoppe.
  6241 | D:8      | Bought an ebony broad axe for 225 gold pieces
  6241 | D:8      | Identified the +5 broad axe "Pulorot" {antimagic, rN+} (You
                  | bought it in a shop on level 8 of the Dungeon)
  7003 | D:7      | Reached skill level 6 in Spellcasting
  7210 | D:7      | Found a broken altar of Ashenzari.
  7210 | D:7      | Found a blossoming altar of Fedhas.
  7337 | D:9      | Noticed a troll
  7355 | D:9      | Killed a troll
  7476 | D:9      | Reached XP level 10. HP: 65/68 MP: 19/19
  7526 | D:9      | Found a sacrificial altar of Ru.
  7645 | D:9      | Found an ornate altar of the Wu Jian Council.
  7923 | D:9      | Learned a level 6 spell: Ozocubu's Refrigeration
  8153 | D:10     | Entered Level 10 of the Dungeon
  8329 | D:10     | Found a staircase to the Lair.
  8756 | D:10     | Got a fading shortbow
  8757 | D:10     | Identified the +5 shortbow "Fuloomi" {vorpal, rC++ Stlth+}
                  | (You found it on level 10 of the Dungeon)
  9696 | Lair:1   | Entered Level 1 of the Lair of Beasts
  9696 | Lair:1   | Noticed a cane toad
  9701 | Lair:1   | Killed a cane toad
  9975 | Lair:1   | Noticed an oklob plant
  9975 | Lair:1   | Noticed a four-headed hydra
  9993 | Lair:1   | Killed a four-headed hydra
 10020 | Lair:1   | Killed an oklob plant
 10021 | Lair:1   | Reached skill level 7 in Spellcasting
 10055 | Lair:1   | Noticed a cane toad
 10064 | Lair:1   | Killed a cane toad
 10169 | Lair:1   | Noticed a cane toad
 10178 | Lair:1   | Killed a cane toad
 10179 | Lair:1   | Reached XP level 11. HP: 76/76 MP: 20/21
 10575 | Lair:2   | Reached skill level 5 in Evocations
 10661 | Lair:2   | Found a hole to the Spider Nest.
 10997 | Lair:2   | Noticed a six-headed hydra
 11008 | Lair:2   | Killed a six-headed hydra
 11009 | Lair:2   | Noticed a catoblepas
 11015 | Lair:2   | Killed a catoblepas
 11807 | Lair:3   | Noticed a seven-headed hydra
 11844 | Lair:3   | Killed a seven-headed hydra
 11867 | Lair:3   | Identified the +0 hunting sling of the Evil Eye {flame,
                  | rPois Dex+2} (You found it on level 3 of the Lair of
                  | Beasts)
 12060 | Lair:3   | Reached skill level 8 in Spellcasting
 12060 | Lair:3   | Reached skill level 10 in Ice Magic
 12143 | Lair:3   | Found a blossoming altar of Fedhas.
 12170 | Lair:3   | Noticed a death yak
 12170 | Lair:3   | Noticed a death yak
 12171 | Lair:3   | Noticed a death yak
 12171 | Lair:3   | Noticed a death yak
 12172 | Lair:3   | Noticed a death yak
 12174 | Lair:3   | Noticed a death yak
 12180 | Lair:3   | Killed a death yak
 12181 | Lair:3   | Reached skill level 5 in Fighting
 12184 | Lair:3   | Killed a death yak
 12207 | Lair:3   | Killed a death yak
 12208 | Lair:3   | Reached XP level 12. HP: 63/86 MP: 12/24
 12210 | Lair:3   | Killed a death yak
 12226 | Lair:3   | Killed a death yak
 12228 | Lair:3   | Killed a death yak
 12245 | Lair:3   | Reached skill level 5 in Dodging
 12640 | Lair:4   | Noticed a four-headed hydra
 12647 | Lair:4   | Killed a four-headed hydra
 12735 | Lair:4   | Noticed a seven-headed hydra
 12755 | Lair:4   | Killed a seven-headed hydra
 12758 | Lair:4   | Reached skill level 1 in Shields
 13159 | Lair:4   | You fall into a shaft and drop 2 floors!
 13159 | Lair:6   | Entered Level 6 of the Lair of Beasts
 13160 | Lair:6   | Noticed a four-headed hydra
 13160 | Lair:6   | Noticed a seven-headed hydra
 13187 | Lair:6   | Reached skill level 9 in Spellcasting
 13390 | Lair:6   | Reached skill level 5 in Armour
 13392 | Lair:6   | Noticed a four-headed hydra
 13393 | Lair:6   | Noticed a merfolk avatar
 13394 | Lair:6   | Noticed a four-headed hydra
 13395 | Lair:6   | Noticed a seven-headed hydra
 13403 | Lair:6   | Killed a four-headed hydra
 13521 | Lair:6   | Killed a four-headed hydra
 13541 | Lair:6   | Killed a four-headed hydra
 13542 | Lair:6   | Gained mutation: You are in touch with the powers of death.
                  | [Mummy growth]
 13542 | Lair:6   | Reached XP level 13. HP: 93/93 MP: 20/26
 13850 | Lair:6   | Found a hide-covered altar of Uskayaw.
 14321 | Lair:6   | Got a brightly glowing amber ring
 14323 | Lair:6   | Got a crude gossamer ring
 14348 | Lair:6   | Identified the ring "Wangied" {rPois rN+ Dex-3 Slay+3 SInv}
                  | (You found it on level 6 of the Lair of Beasts)
 14350 | Lair:6   | Identified the ring "Akusuwk" {+Fly rN+ MR+ Dex-3} (You
                  | found it on level 6 of the Lair of Beasts)
 14652 | Lair:6   | Bought an ichor-stained quarterstaff for 261 gold pieces
 14652 | Lair:6   | Identified the cursed +1 quarterstaff "Sir Pus" {chaos,
                  | *Drain +Rage rC+ Dex+4} (You bought it in a shop on level 6
                  | of the Lair of Beasts)
 14792 | Lair:5   | Found a staircase to the Slime Pits.
 15179 | Lair:5   | Noticed Josephine
 15189 | Lair:5   | Killed Josephine
 15758 | Lair:5   | Reached skill level 10 in Spellcasting
 16152 | Lair:4   | Found a staircase to the Swamp.
 17371 | D:11     | Found a staircase to the Orcish Mines.
 17374 | D:11     | Reached XP level 14. HP: 103/103 MP: 19/28
 18281 | Orc:1    | Entered Level 1 of the Orcish Mines
 18641 | Orc:1    | Found Utyidul's Antique Weapon Shoppe.
 18816 | Orc:1    | Noticed an orc warlord
 18832 | Orc:1    | Killed an orc warlord
 19080 | Orc:2    | Entered Level 2 of the Orcish Mines
 19671 | Orc:2    | Noticed an orc warlord
 19678 | Orc:2    | Killed an orc warlord
 19907 | Orc:2    | Found a roughly hewn altar of Beogh.
 19937 | Orc:2    | Found Esoschir's Gadget Shoppe.
 20146 | Orc:2    | Found Joschisopt's General Store.
 20172 | Orc:2    | Bought a scroll of fear for 38 gold pieces
 20375 | Orc:2    | Found a roughly hewn altar of Beogh.
 20381 | Orc:2    | Found Epis's Armour Emporium.
 20517 | Orc:2    | Found Voufri Guot's Distillery.
 20560 | Orc:2    | Noticed a stone giant
 20567 | Orc:2    | Killed a stone giant
 20848 | Orc:2    | Found a staircase to the Elven Halls.
 21145 | Orc:2    | Bought a pair of faintly glowing boots for 161 gold pieces
 21146 | Orc:2    | Identified the cursed +0 pair of boots of Limitation
                  | {*Corrode rN+ MR++ Int+3} (You bought it in a shop on level
                  | 2 of the Orcish Mines)
 21161 | Orc:2    | Bought a pair of runed gloves for 127 gold pieces
 21161 | Orc:2    | Bought a runed helmet for 127 gold pieces
 21541 | D:11     | Bought the +2 helmet of the Manifold Nights {rF+ rCorr} for
                  | 647 gold pieces
 21724 | D:12     | Learned a level 2 spell: Slow
 21769 | D:12     | Found Sanast's Assorted Antiques.
 21772 | D:12     | Bought a scroll labelled DUTYH WEUXT for 22 gold pieces
 21786 | D:12     | Reached skill level 11 in Spellcasting
 21883 | D:12     | Reached skill level 10 in Evocations
 22313 | D:12     | Noticed a storm dragon
 22314 | D:12     | Found a transporter.
 22314 | D:12     | Noticed a sphinx
 22314 | D:12     | Noticed Zekkers's ghost (journeyman SpVM)
 22315 | D:12     | Found a transporter.
 23416 | D:13     | Reached XP level 15. HP: 112/112 MP: 24/30
 23464 | D:13     | Found a gate to the Vaults.
 23579 | D:14     | Found Borifaedwu's Antique Armour Shop.
 23586 | D:14     | Bought a glowing buckler for 210 gold pieces
 23586 | D:14     | Bought a heavily jewelled robe for 159 gold pieces
 23586 | D:14     | Identified the +2 robe of Ileug {Rampage Regen+ Slay-5
                  | Stlth+} (You bought it in a shop on level 14 of the
                  | Dungeon)
 23792 | D:14     | Noticed a fire giant
 23809 | D:14     | Killed a fire giant
 24363 | D:15     | Entered Level 15 of the Dungeon
 24600 | D:15     | Found a staircase to the Depths.
 25204 | D:15     | Bought a crude leather armour for 231 gold pieces
 25205 | D:15     | Identified the +3 leather armour "Kaschovot" {Rampage rC+}
                  | (You bought it in a shop on level 15 of the Dungeon)
 25388 | Spider:1 | Entered Level 1 of the Spider Nest
 25715 | Spider:1 | Reached skill level 1 in Staves
 26279 | Spider:2 | Reached skill level 12 in Spellcasting
 27389 | Spider:2 | Noticed Aizul
 27399 | Spider:2 | Killed Aizul
 27400 | Spider:2 | Reached XP level 16. HP: 118/121 MP: 15/32
 27684 | Spider:3 | Noticed Agnes
 27688 | Spider:3 | Killed Agnes
 27801 | Spider:3 | Reached skill level 10 in Fighting
 28826 | Spider:3 | Learned a level 8 spell: Ignition
 28842 | Spider:4 | Entered Level 4 of the Spider Nest
 29019 | Spider:4 | Reached skill level 1 in Fire Magic
 29507 | Spider:4 | Reached skill level 13 in Spellcasting
 30020 | Spider:4 | Found a runed translucent gate.
 30020 | Spider:4 | Found a runed translucent gate.
 30020 | Spider:4 | Found a runed translucent gate.
 30024 | Spider:4 | Noticed Honosyedgha's ghost (adept GrBe)
 30312 | Spider:4 | Killed Honosyedgha's ghost
 30336 | Spider:4 | Identified the +0 hat of Anaewnucw {+Blink} (You found it
                  | on level 4 of the Spider Nest)
 30369 | Spider:4 | Identified the +2 leather armour "Qum Xupt" {rC+ Dex+5}
                  | (You found it on level 4 of the Spider Nest)
 30730 | Spider:4 | Reached XP level 17. HP: 129/129 MP: 28/34
 31091 | Spider:4 | Got a gossamer rune of Zot
 31416 | D:15     | Bought a heavily runed leather armour for 231 gold pieces
 31416 | D:15     | Bought a shiny buckler for 247 gold pieces
 31418 | D:15     | Identified the +0 leather armour "Tatwipn" {MR++ Str-5}
                  | (You bought it in a shop on level 15 of the Dungeon)
 31659 | Swamp:1  | Entered Level 1 of the Swamp
 31816 | Swamp:1  | Reached skill level 5 in Staves
 32265 | Swamp:2  | Reached skill level 5 in Fire Magic
 32409 | Swamp:2  | Identified the +1 robe of the Immovable Xalams {rElec MR+
                  | Str+4} (You found it on level 2 of the Swamp)
 32545 | Swamp:2  | Learned a level 5 spell: Borgnjor's Vile Clutch
 33062 | Swamp:3  | Found a runed translucent door.
 33065 | Swamp:3  | Noticed Ystrie Nocov's ghost (journeyman DEIE)
 33093 | Swamp:3  | Reached skill level 1 in Necromancy
 33096 | Swamp:3  | Reached skill level 1 in Earth Magic
 33430 | Swamp:3  | Identified the Grimoire of the Oath and Snow
 33603 | Swamp:4  | Entered Level 4 of the Swamp
 34091 | Swamp:4  | Acquired 621 gold pieces
 34139 | Swamp:4  | Reached skill level 10 in Dodging
 34140 | Swamp:4  | Reached skill level 14 in Spellcasting
 34203 | Swamp:4  | Reached XP level 18. HP: 138/138 MP: 23/36
 34260 | Swamp:4  | Noticed the 27-headed Lernaean hydra
 34516 | Swamp:4  | Killed the 27-headed Lernaean hydra
 34623 | Swamp:4  | Got a decaying rune of Zot
 35116 | Elf:1    | Entered Level 1 of the Elven Halls
 35156 | Elf:1    | Found a portal to a secret trove of treasure.
 35239 | Elf:1    | Found a frozen archway.
 35252 | Elf:1    | Learned a level 5 spell: Bolt of Magma
 35373 | IceCv    | Entered an ice cave
 36310 | IceCv    | Got a bloodstained quarterstaff
 37330 | Elf:2    | Found a huge runed translucent gate.
 37330 | Elf:2    | Found a huge runed translucent gate.
 37330 | Elf:2    | Found a huge runed translucent gate.
 37331 | Elf:2    | Found a huge runed translucent gate.
 37333 | Elf:2    | Found a huge runed translucent gate.
 37358 | Elf:2    | Reached skill level 5 in Conjurations
 37692 | Elf:2    | Found a radiant altar of Vehumet.
 38085 | Elf:2    | Reached skill level 5 in Earth Magic
 38097 | Elf:2    | Found Puzev's Antique Armour Boutique.
 38116 | Elf:2    | Bought a translucent leather armour for 259 gold pieces
 38116 | Elf:2    | Bought a crude helmet for 351 gold pieces
 38116 | Elf:2    | Identified the +3 leather armour of Lidelerch {Str+5 Int+4}
                  | (You bought it in a shop on level 2 of the Elven Halls)
 38117 | Elf:2    | Identified the +0 helmet "Yjerri Fenk" {rCorr Int+2} (You
                  | bought it in a shop on level 2 of the Elven Halls)
 38123 | Elf:2    | Bought a transparent kite shield for 351 gold pieces
 38123 | Elf:2    | Bought a pitted chain mail for 351 gold pieces
 38124 | Elf:2    | Identified the +2 kite shield of the Eternal Void {Slay+3}
                  | (You bought it in a shop on level 2 of the Elven Halls)
 38125 | Elf:2    | Identified the +10 chain mail of the Arcane {+Fly rF+ Str+2
                  | Dex+2} (You bought it in a shop on level 2 of the Elven
                  | Halls)
 38199 | Elf:2    | Found a runed translucent door.
 38357 | Elf:2    | Reached skill level 5 in Necromancy
 38518 | Elf:3    | Entered Level 3 of the Elven Halls
 38540 | Elf:3    | Got a steaming platinum ring
 38541 | Elf:3    | Identified the ring of Zulle {rPois rN+ MP+9 Slay+2} (You
                  | found it on level 3 of the Elven Halls)
 38662 | Elf:3    | Got a faintly glowing dagger
 38663 | Elf:3    | Identified the cursed +2 dagger "Wisifiw" {protect, rF+
                  | MR+} (You found it on level 3 of the Elven Halls)
 38665 | Elf:3    | Got a pitted rapier
 38667 | Elf:3    | Identified the +9 rapier of Deritaj {vorpal, +Fly rElec
                  | rC+} (You found it on level 3 of the Elven Halls)
 38695 | Elf:3    | Reached skill level 10 in Armour
 38695 | Elf:3    | Reached XP level 19. HP: 89/145 MP: 13/37
 39136 | Elf:3    | Identified the +8 shadow dragon scales "Jocouq" {Rampage
                  | rPois Int-2 Dex+5 Stlth++++}
 39149 | Elf:3    | Identified the cursed ring of Voxzugem {+Blink rElec Int+3
                  | Dex-4}
 39153 | Elf:3    | Slain by a deep elf death mage

Illustrated notes

Levels and vault maps discovered:
D:1:      psy_arrival_statuary, layout_basic
D:2:      layout_basic, okawaru_trees_2, minmay_mini_jars, uniq_natasha
D:3:      layout_loops_ring, nicolae_overflow_hidden_temple
D:4:      layout_rooms, nemelex_altar_shiori, temple_hall
D:5:      layout_basic, serial_co_window_serial, co_window_cross_1,
          co_window_paths_a, co_window_corner_a, co_window_of_opportunity_a,
          co_window_corner_a, co_window_paths_b, co_window_of_opportunity_a,
          co_window_2corner, co_window_broadway_a, co_window_2corner,
          co_window_broadway_b, co_window_corner_b, glass_columns_a,
          glass_columns_b, glass_columns_c, glass_columns_a, glass_columns_b,
          uniq_pikel
D:6:      layout_basic, minmay_pentangle, uniq_crazy_yiuf_cottage, uniq_maggie
D:7:      layout_loops_ring, gammafunk_temple_overflow_elements, basic_altar
D:8:      layout_basic, marbit_many_paths, serial_shops, shop_fountains,
          evilmike_ruin_ashenzari
D:9:      layout_loops_ring, lemuel_round_altar, basic_altar, kennysheep_boxes
D:10:     layout_stronghold, david_lair_generic
D:11:     layout_grid_maze, david_orc_2
D:12:     layout_irregular_city, gammafunk_ghost_arena, serial_shops,
          nicolae_shop_behind_doors, minmay_door_square, hangedman_fish_farm
D:13:     layout_roguey, david_vaults_5, kennysheep_path_1
D:14:     layout_loops_ring, hangedman_decor_opposing, serial_shops,
          shop_fountains, kennysheep_just_a_vault
D:15:     hangedman_depths_entry_try_elsewhere_first, layout_gridville,
          minmay_misc_feat_ornament, minivault_19
Temple:   eino_wide_crystal_templ
Lair:1:   layout_regular_city, minmay_lair_oklob_chamber
Lair:2:   layout_chaotic_city, spider_nest_entry_a,
          eino_small_chamber_without_monster, grunt_megastairs_5
Lair:3:   layout_small_grid, basic_altar, serial_bayou_pond_c
Lair:4:   layout_roguey, minmay_swamp_entry_reptiles, serial_bayou_pond_c,
          wad_woods_01
Lair:5:   cheibrodos_lair_overgrown_chateau, layout_regular_city,
          nicolae_slime_entry_slimehenge, serial_bayou_shore_a,
          lemuel_fruit_tree, lemuel_fruit_fields, uniq_josephine
Lair:6:   gammafunk_lair_ancient_temple, layout_gridlike, basic_altar,
          columned_hall_lemuel
Swamp:1:  layout_falls_marsh, evilmike_swamp_ruin_wall, swamp_pool3
Swamp:2:  layout_basic_swamp, infiniplex_staircase_pool_2
Swamp:3:  layout_basic_swamp, ebering_ghost_inner_flame,
          evilmike_swamp_ruin_house_2, swamp_pool1, st_swamp_mini
Swamp:4:  swamp_old_school, layout_basic_swamp, swamp_pool1
Spider:1: layout_spider_delve
Spider:2: layout_spider_delve, hangedman_stitches_earthworm, uniq_aizul
Spider:3: layout_spider_delve, nicolae_spider_nook, uniq_agnes
Spider:4: grunt_spider_rune_circles, special_room [special_room_bee],
          gammafunk_ghost_tricky_traps, drop_trap
Orc:1:    layout_diamond_mine, serial_shops, shop
Orc:2:    pubby_orc_utopia, serial_shops
Elf:1:    minmay_elf_arrival_summoners, layout_loops_cross, enter_trove_2,
          portal_ice_cave_entry_ice_statue_two, evilmike_minifort,
          nicolae_elf_big_sculpture_2, lemuel_flamethrower_2
Elf:2:    layout_onion_city, basic_altar, serial_shops, nicolae_shop_trees,
          minivault_13
Elf:3:    minmay_elf_hall_furrowed, layout_gridlike

Skill      XL: |  1  2  3  4  5  6  7  8  9 10 11 12 13 14 15 16 17 18 |
---------------+-------------------------------------------------------+-----
Spellcasting   | 3 4 5 6 7 8 9 10 11 12 13 14 | 14.4
Ice Magic      | 4 5 7 8 9 10 11 12 | 12.3
Summonings     | 2 4 5 6 |  6.0
Evocations     | 1 3 4 6 7 8 10 11 12 | 12.0
Fighting       | 2 3 5 6 7 8 9 10 11 | 11.9
Dodging        | 2 3 4 5 6 7 8 9 10 | 10.3
Armour         | 2 3 4 5 6 7 8 9 10 | 10.1
Conjurations   | 2 3 5 |  5.0
Shields        | 3 4 |  4.0
Staves         | 2 4 5 6 |  6.5
Fire Magic     | 3 6 7 |  7.9
Necromancy     | 2 7 |  7.1
Earth Magic    | 1 5 |  5.0
Stealth        | |  1.5

Action                   |  1- 3 |  4- 6 |  7- 9 | 10-12 | 13-15 | 16-18 | 19-21 || total
-------------------------+-------+-------+-------+-------+-------+-------+-------++-------
Melee: Unarmed           |     2 |       |       |       |       |       |       ||     2
       Dagger            |    11 |    32 |    88 |       |       |       |       ||   131
       Trident           |       |       |    83 |   111 |   295 |       |       ||   489
       Staff             |       |       |       |       |    52 |   208 |    12 ||   272
 Fire: Shortbow          |       |       |       |   121 |     4 |       |       ||   125
 Cast: Freeze            |    32 |    16 |     6 |     7 |    11 |     2 |       ||    74
       Frozen Ramparts   |     3 |    26 |    45 |    67 |   118 |    28 |       ||   287
       Summon Ice Beast  |       |       |    30 |    69 |   121 |    58 |     2 ||   280
       Ozocubu's Armour  |       |       |     5 |     7 |    17 |    18 |       ||    47
       Ozocubu's Refrige |       |       |       |     3 |   157 |   251 |    16 ||   427
       Slow              |       |       |       |       |     2 |       |       ||     2
       Bolt of Magma     |       |       |       |       |       |    78 |     3 ||    81
       Borgnjor's Vile C |       |       |       |       |       |     1 |     6 ||     7
Invok: Call Merchant     |       |       |       |       |     6 |     2 |       ||     8
Evoke: Wand              |       |       |       |     7 |    12 |    22 |       ||    41
       Lightning rod     |       |       |       |       |       |    14 |       ||    14
       Phantom mirror    |       |       |       |       |       |     1 |       ||     1
  Use: Scroll            |       |     4 |    12 |     7 |    12 |    22 |     1 ||    58
 Stab: Sleeping          |     1 |     1 |     2 |       |     5 |     2 |     1 ||    12
       Distracted        |       |       |     4 |     1 |     9 |     5 |       ||    19
       Held in net/web   |       |       |       |       |       |     1 |       ||     1
Armor: Robe              |    10 |     6 |    10 |    19 |   133 |   167 |     5 ||   350
       Leather armour    |       |     1 |     8 |       |       |       |       ||     9
       Acid dragon scale |       |       |    40 |    63 |       |       |       ||   103
Dodge: Dodged            |    33 |    34 |   117 |   113 |   271 |   271 |     7 ||   846
Block: Other             |       |     8 |    48 |    39 |     8 |       |       ||   103
       Reflection        |       |       |     3 |     3 |    19 |       |       ||    25
       Buckler           |       |       |       |       |   233 |   168 |     4 ||   405

Table legend: (Time is in decaauts)
 A = Elapsed time spent in this place.
 B = Non-inter-level travel time spent in this place.
 C = Inter-level travel time spent in this place.
 D = Time resting spent in this place.
 E = Time spent auto-exploring this place.
 F = Levels seen in this place.
 G = Mean time per level.
                   A        B        C        D        E       F      G
               +--------+--------+--------+--------+--------+-----+--------+
         Total |  39773 |  36267 |   3506 |   7365 |  19259 |  36 | 1104.8 |
       Dungeon |  15490 |  13631 |   1859 |   1618 |   8532 |  15 | 1032.7 |
        Temple |     46 |     30 |     16 |      0 |     22 |   1 |   46.0 |
          Lair |   7802 |   7028 |    774 |   1035 |   3984 |   6 | 1300.3 |
         Swamp |   3492 |   3231 |    261 |    504 |   1965 |   4 |  873.0 |
   Spider Nest |   5873 |   5556 |    317 |   2261 |   2142 |   4 | 1468.2 |
  Orcish Mines |   3051 |   2836 |    215 |    585 |   1360 |   2 | 1525.5 |
   Elven Halls |   2965 |   2903 |     62 |    819 |   1147 |   3 |  988.3 |
      Ice Cave |   1052 |   1052 |      0 |    543 |    105 |   1 | 1052.0 |
               +--------+--------+--------+--------+--------+-----+--------+

Top non-repeatable levels by time:
   Orc:2: 2200 daAuts
Spider:4: 2035 daAuts
Spider:2: 1981 daAuts
  Lair:6: 1704 daAuts
    D:11: 1501 daAuts
  Lair:3: 1382 daAuts
   Elf:2: 1288 daAuts
  Lair:5: 1266 daAuts
  Lair:2: 1229 daAuts
  Lair:4: 1226 daAuts
    D:10: 1207 daAuts
     D:2: 1165 daAuts
     D:6: 1147 daAuts
 Swamp:4: 1119 daAuts
     D:8: 1117 daAuts
